 Dungeon Crawl Stone Soup version 0.28.0-47-ge53b351184 (webtiles) character file.

Game seed: 8951661819115981838

110 Descartes the Chucker (level 4, 0/33 (41) HPs)
             Began as a Troll Arcane Marksman on May 10, 2022.
             Slain by Eustachio
             ... wielding a +0 rapier
              (4 damage)
             ... while paralysed by Grinder
             ... on level 4 of the Dungeon.
             The game lasted 00:02:45 (2350 turns).

Descartes the Chucker (Troll Arcane Marksman)       Turns: 2350, Time: 00:02:45

HP:   0/33 (41)     AC:  4    Str: 18    XL:     4   Next: 61%
MP:   5/5           EV:  1    Int: 11    God:
Gold: 149           SH:  0    Dex: 10    Spells: 4/5 levels left

rFire   . . .      SeeInvis .     - Unarmed
rCold   . . .      Faith    .   (no shield)
rNeg    . . .      Spirit   .   a - +0 robe
rPois   .          Reflect  .   (helmet restricted)
rElec   .          Harm     .   (no cloak)
rCorr   .          Rampage  .   (gloves unavailable)
Will    .....                   (boots unavailable)
Stlth   +.........              (no amulet)
HPRegen 0.91/turn               (no ring)
MPRegen 0.09/turn               (no ring)

@: paralysed, heavily drained
A: large, unfitting armour, claws 3, regeneration 1, shaggy fur 1, tough skin 1
a: no special abilities


You were on level 4 of the Dungeon.
You visited 1 branch of the dungeon, and saw 4 of its levels.

You collected 149 gold pieces.

Inventory:

Hand Weapons
 m - the +7 dagger "Ycwugg" {spect, *Corrode rElec rPois Int+7}
   (You found it on level 2 of the Dungeon)

   When its wielder attacks, the weapon's spirit leaps out and strikes again.
   The spirit shares a part of any damage it takes with its wielder.
   Int:       It affects your intelligence (+7).
   rElec:     It insulates you from electricity.
   rPois:     It protects you from poison.
   *Corrode:  It may corrode you when you take damage.
Missiles
 b - 4 large rocks (quivered)
 c - 2 throwing nets
 d - 205 stones
 e - 62 arrows
Armour
 a - a +0 robe (worn)
Jewellery
 k - an amulet of the acrobat
Scrolls
 f - a scroll of summoning {unknown}
 h - 3 scrolls of identify {unknown}
 i - a scroll of fog {unknown}
 l - a scroll of amnesia {unknown}
 n - a scroll of noise {unknown}
 r - 2 scrolls of silence {unknown}
 s - a scroll of fear {unknown}
 t - a scroll of teleportation {unknown}
Potions
 g - a potion of attraction {unknown}
 j - a potion of flight {unknown}
 o - a potion of brilliance {unknown}
 p - 2 potions of curing {unknown}
 q - a potion of lignification {unknown}


   Skills:
 + Level 1.5 Fighting
 + Level 2.3 Throwing
 + Level 2.2 Dodging
 + Level 1.4 Unarmed Combat
 + Level 1.3 Spellcasting
 + Level 2.3 Hexes


You had 4 spell levels left.
You knew the following spells:

 Your Spells              Type           Power      Damage    Failure   Level
a - Slow                  Hex            20%        N/A       12%         1

Your spell library contained the following spells:

 Spells                   Type           Power      Damage    Failure   Level
 Freeze                   Ice            0%         1d3       30%         1
 Inner Flame              Hex/Fire       3%         N/A       52%         3
 Portal Projectile        Hex/Tloc       6%         N/A       52%         3
 Frozen Ramparts          Ice            0%         1d2       67%         3
 Cause Fear               Hex            2%         N/A       77%         4
 Hailstorm                Conj/Ice       0%         3d3       97%         4


Dungeon Overview and Level Annotations

Branches:
Dungeon (4/15)
 Temple: D:4-7

Altars:

Annotations:
D:4 Eustachio, Grinder


Innate Abilities, Weirdness & Mutations

You are too large for most types of armour.
You have claws for hands.
Your natural rate of healing is unusually fast.
You are covered in fur. (AC +1)
You have tough skin. (AC +1)


Message History

You closely miss the quokka.
The quokka bites you but does no damage.
You closely miss the quokka. The quokka barely misses you.
You scratch the quokka but do no damage.
The quokka barely misses you.
You scratch the quokka.
The quokka is moderately wounded.
The quokka bites you.
You closely miss the quokka.
The quokka is moderately wounded.
The quokka bites you but does no damage. x2
You barely miss the quokka.
The quokka is moderately wounded.
The quokka bites you but does no damage.
You claw the quokka!
You kill the quokka!
No target in view!
Found a stone staircase leading up.
You see here a quokka corpse.
Done exploring.
Done exploring.
There is an open door here.
There is an open door here.
You see here a +0 dagger.
There is an escape hatch in the floor here.
You slide downwards.
The hatch slams shut behind you.
Grinder shouts!
The endoplasm quivers.
Found 3 javelins.
Grinder gestures at you.
You suddenly lose the ability to move!
The endoplasm jiggles.
The adder bites you but does no damage. Grinder hits you but does no damage.
The adder bites you. x2
Grinder hits you. Eustachio hits you with a +0 rapier.
The adder bites you but does no damage. Grinder hits you!
You writhe in agony.
* * * LOW HITPOINT WARNING * * *
Eustachio hits you with a +0 rapier.
You die...

####+###
#......##
#.5@@...#
#..S....#
+...........
#..J...#####
#......#
#......#
#......#
#......#
#(......


You could see Eustachio, Grinder, an adder and an endoplasm.

Vanquished Creatures
  Jessica (D:3)
  3 adders (D:2)
  A worm (D:2)
  2 dart slugs (D:3)
  2 ball pythons
  5 bats
  5 endoplasms
  2 giant cockroaches (D:1)
  4 goblins
  3 hobgoblins
  3 jackals (D:3)
  3 quokkas
  3 frilled lizards
  8 kobolds
  3 rats
48 creatures vanquished.

Notes
Turn   | Place    | Note
-------+----------+-------------------------------------------
     0 | D:1      | Descartes the Troll Arcane Marksman began the quest for the
                  | Orb.
     0 | D:1      | Reached XP level 1. HP: 18/18 MP: 1/1
   364 | D:1      | Reached XP level 2. HP: 26/26 MP: 2/2
   597 | D:1      | Reached skill level 1 in Fighting
  1118 | D:2      | Reached XP level 3. HP: 33/33 MP: 3/3
  1169 | D:2      | Identified the +7 dagger "Ycwugg" {spect, *Corrode rElec
                  | rPois Int+7}
  1340 | D:2      | Reached skill level 1 in Unarmed Combat
  1872 | D:3      | Found a faded altar of an unknown god.
  1943 | D:3      | Reached XP level 4. HP: 41/41 MP: 4/4
  1943 | D:3      | Noticed Jessica
  1948 | D:3      | Killed Jessica
  2344 | D:4      | Noticed Eustachio
  2344 | D:4      | Noticed Grinder
  2345 | D:4      | Paralysed by Grinder for 7 turns
  2350 | D:4      | Slain by Eustachio

Illustrated notes

Levels and vault maps discovered:
D:1:      minmay_arrival_shattered_statue, layout_basic,
          hangedman_decor_peaks_small
D:2:      layout_loops_ring, supply_closet_lemuel, minmay_cut_off
D:3:      layout_basic, hellmonk_ecumenical_altar_run_dry, minivault_24,
          uniq_jessica
D:4:      layout_basic, nicolae_tso_besieged_by_evil, minmay_hedge_maze,
          uniq_robin, uniq_eustachio, uniq_crazy_yiuf_cottage, uniq_grinder

Skill      XL: |  1  2  3 |
---------------+----------+-----
Fighting       | 1 |  1.5
Throwing       | 2 |  2.3
Dodging        | 2 |  2.2
Unarmed Combat | 1 |  1.4
Spellcasting   | |  1.3
Hexes          | |  2.3

Action                   |  1- 3 |  4- 6 || total
-------------------------+-------+-------++-------
Melee: Unarmed           |   134 |    60 ||   194
       Punch             |     4 |       ||     4
 Stab: Sleeping          |     2 |       ||     2
Armor: Robe              |    43 |    40 ||    83
Dodge: Dodged            |    77 |    39 ||   116
